 Dungeon Crawl Stone Soup version 0.29-a0-993-g4a18f31a58 (webtiles) character file.

Game seed: 9557204997578939262

23 RevDB the Conjurer (level 2, 0/25 HPs)
             Began as a Draconian Conjurer on Aug 2, 2022.
             Succumbed to a kobold's poison
             ... on level 1 of the Dungeon.
             The game lasted 00:05:55 (524 turns).

RevDB the Conjurer (Draconian Conjurer)              Turns: 524, Time: 00:05:56

Health: 0/25       AC:  4    Str:  9    XL:     2   Next: 72%
Magic:  4/5        EV: 12    Int: 18    God:
Gold:   81         SH:  0    Dex:  9    Spells: 2/5 levels left

rFire   . . .      SeeInvis .   d - +0 dagger
rCold   . . .      Faith    .   (no shield)
rNeg    . . .      Spirit   .   (body armour unavailable)
rPois   .          Reflect  .   (helmet restricted)
rElec   .          Harm     .   (no cloak)
rCorr   .          Rampage  .   (no gloves)
Will    .....                   (no boots)
Stlth   ++........              (no amulet)
HPRegen 0.08/turn               (no ring)
MPRegen 0.09/turn               (no ring)

@: lethally poisoned (0 -> -1)
A: AC +4, unfitting armour, cold-blooded
a: no special abilities


You were on level 1 of the Dungeon.
You visited 1 branch of the dungeon, and saw 1 of its levels.

You collected 81 gold pieces.

Inventory:

Hand Weapons
 d - a +0 dagger (weapon)
Scrolls
 b - 2 scrolls of identify {unknown}
Potions
 a - a potion of magic


   Skills:
 + Level 2.7 Fighting
 - Level 1.7 Dodging
 - Level 1.7 Stealth
 - Level 2.0 Spellcasting
 - Level 4.0 Conjurations


You had 2 spell levels left.
You knew the following spells:

 Your Spells              Type           Power      Damage    Failure   Level
a - Magic Dart            Conj           64%        1d6       3%          1
b - Searing Ray           Conj           32%        2d5       5%          2

Your spell library contained the following spells:

 Spells                   Type           Power      Damage    Failure   Level
 Dazzling Flash           Conj/Hex       18%        N/A       24%         3
 Fulminant Prism          Conj/Hex       4%         3d6       61%         4
 Iskenderun's Mystic Bla  Conj/Tloc      9%         2d4       61%         4


Dungeon Overview and Level Annotations

Branches:
Dungeon (1/15)

Altars:


Innate Abilities, Weirdness & Mutations

Your plain brown scales are hard. (AC +4)
You cannot fit into any form of body armour.
You are cold-blooded and may be slowed by cold attacks.


Message History

You now have 54 gold pieces (gained 8).
You now have 63 gold pieces (gained 9).
Found 18 gold pieces.
Found an escape hatch in the floor.
You now have 81 gold pieces (gained 18).
A kobold comes into view.
It is wielding a +2 short sword of venom.
The kobold shouts!
You closely miss the kobold.
The kobold hits you with a +2 short sword of venom.
You are poisoned.
You hit the kobold but do no damage.
Your tail-slap misses the kobold.
You feel very sick.
The kobold hits you with a +2 short sword of venom.
You are lethally poisoned!
You miss the kobold.
You feel very sick. The kobold barely misses you.
Aiming: Magic Dart (safe; 3% risk of failure)
Press: ? - help, Q - select action, (/) - cycle Shift-Dir - straight line, f - kobold
Aim: a kobold, wielding a +2 short sword of venom (100% to hit)
The magic dart hits the kobold.
You kill the kobold!
You feel very sick.
You feel sick.
Things that are here:
a +2 short sword of venom; a kobold corpse Sorry, you're not good enough to have a special ability.
* * * LOW HITPOINT WARNING * * *
You feel sick.
* * * LOW HITPOINT WARNING * * *
You feel sick.
* * * LOW HITPOINT WARNING * * *
You feel sick.
* * * LOW HITPOINT WARNING * * *
You feel sick.
* * * LOW HITPOINT WARNING * * *
You feel sick.
* * * LOW HITPOINT WARNING * * *
You feel sick.
You die...

##............##...†
..#............#####..
#.#......††..).# #..
.##..............# ##..
......?.........###.....
...............##...###.
#..#.####.......#####.
###....##...............
.......@..####..........
##..#.##..........####..
.. #.#......>.###... #..
#.#.............. #..
#.#........#...#. #.
#.#....).....###. #
#.................
............#.....
...##........#.....


There were no monsters in sight!

Vanquished Creatures
  3 ball pythons (D:1)
  3 endoplasms (D:1)
  A giant cockroach (D:1)
  3 goblins (D:1)
  2 hobgoblins (D:1)
  2 jackals (D:1)
  A bat (D:1)
  2 frilled lizards (D:1)
  A kobold (D:1)
  3 rats (D:1)
21 creatures vanquished.

Notes
Turn   | Place    | Note
-------+----------+-------------------------------------------
     0 | D:1      | RevDB the Draconian Conjurer began the quest for the Orb.
     0 | D:1      | Reached XP level 1. HP: 14/14 MP: 3/3
    64 | D:1      | Reached skill level 1 in Fighting
   196 | D:1      | Reached XP level 2. HP: 22/24 MP: 0/5
   462 | D:1      | Learned a level 2 spell: Searing Ray
   523 | D:1      | HP: 1/25 [poisoned by a kobold]
   524 | D:1      | Succumbed to a kobold's poison

Illustrated notes

Levels and vault maps discovered:
D:1:      saegor_arrival_simple_a, layout_rooms

Skill      XL: |  1  2 |
---------------+-------+-----
Fighting       | 1 2 |  2.7
Dodging        | |  1.7
Stealth        | |  1.7
Spellcasting   | |  2.0
Conjurations   | |  4.0

Action                   || total
-------------------------++-------
Melee: Unarmed           ||    30
       Tailslap          ||     4
       Punch             ||     3
       Dagger            ||    28
       Club              ||     2
 Cast: Magic Dart        ||    30
 Stab: Sleeping          ||     1
Armor: Skin              ||    16
Dodge: Dodged            ||    44

Table legend: (Time is in decaauts)
 A = Elapsed time spent in this place.
 B = Non-inter-level travel time spent in this place.
 C = Inter-level travel time spent in this place.
 D = Time resting spent in this place.
 E = Time spent auto-exploring this place.
 F = Levels seen in this place.
 G = Mean time per level.
                   A        B        C        D        E       F      G
               +--------+--------+--------+--------+--------+-----+--------+
         Total |    523 |    523 |      0 |    158 |     36 |   1 |  523.0 |
       Dungeon |    523 |    523 |      0 |    158 |     36 |   1 |  523.0 |
               +--------+--------+--------+--------+--------+-----+--------+

Top non-repeatable levels by time:
     D:1: 523 daAuts
